 Dungeon Crawl Stone Soup version 0.23.2-1-ga50397a (webtiles) character file.

Game seed: 1160488690959590349

19 IBeShadow the Gusty (level 2, -2/16 HPs)
             Began as a Tengu Air Elementalist on May 15, 2019.
             Slain by a goblin
             ... wielding a +0 club
              (4 damage)
             ... on level 1 of the Dungeon.
             The game lasted 00:01:41 (876 turns).

IBeShadow the Gusty (Tengu Air Elementalist)         Turns: 876, Time: 00:01:42

Health: -2/16      AC:  3    Str:  8    XL:     2   Next: 75%
Magic:  4/6        EV: 12    Int: 15    God:
Gold:   29         SH:  0    Dex: 14    Spells: 4/5 levels left

rFire    . . .     SeeInvis .   e - +0 dagger
rCold    . . .     Gourm    .   (no shield)
rNeg     . . .     Faith    .   a - +0 robe
rPois    .         Spirit   .   (helmet restricted)
rElec    .         Reflect  .   (no cloak)
rCorr    .         Harm     .   h - +0 pair of gloves
MR       .....                  (boots unavailable)
Stlth    +++.......             (no amulet)
HPRegen  0.05/turn              p - ring of stealth (curse)
MPRegen  0.10/turn              (no ring)

@: no status effects
A: beak, talons 3
a: no special abilities


You were on level 1 of the Dungeon.
You were not hungry.

You visited 1 branch of the dungeon, and saw 1 of its levels.

You collected 29 gold pieces.

Inventory:

Hand Weapons
 e - a +0 dagger (weapon)
Armour
 a - a +0 robe (worn)
 h - a +0 pair of gloves (worn)
 m - a +0 buckler
Jewellery
 p - a cursed ring of stealth (left hand)
Scrolls
 b - a scroll of immolation {unknown}
 d - 2 scrolls of teleportation {unknown}
 f - a scroll of magic mapping {unknown}
 l - a scroll of fear {unknown}
 n - a scroll of remove curse {unknown}
Potions
 g - a potion of haste {unknown}
 j - a potion of agility {unknown}
 k - 2 potions of flight {unknown}
 o - a potion of might {unknown}
Comestibles
 c - 2 rations
 i - 4 chunks of flesh


   Skills:
 + Level 0.8 Fighting
 - Level 2.1 Dodging
 - Level 2.0 Stealth
 * Level 0.3 Shields
 + Level 2.2 Spellcasting
 + Level 2.1 Conjurations
 + Level 4.3 Air Magic


You had 4 spell levels left.
You knew the following spells:

 Your Spells              Type           Power        Failure   Level  Hunger
a - Shock                 Conj/Air       ##..         6%          1    #......

Your spell library contained the following spells:

 Spells                   Type           Power        Failure   Level  Hunger
 Swiftness                Chrm/Air       #.......     14%         2    ###....
 Static Discharge         Conj/Air       ##......     17%         3    ###....
 Airstrike                Air            ##........   36%         4    #####..
 Lightning Bolt           Conj/Air       ##........   85%         5    ######.


Dungeon Overview and Level Annotations

Branches:
Dungeon (1/15)

Altars:


Innate Abilities, Weirdness & Mutations

You have a beak for a mouth.
You have claws for feet.


Message History

Confirm with . or Enter, or press ? or * to list all spells.
Aiming: Shock (safe; 6% risk of failure)
Press: ? - help, Shift-Dir - straight line, f/p - goblin
Aim: a goblin, wielding a +0 club (moderately wounded)
The zap hits the goblin.
You kill the goblin!
The zap hits the goblin.
The goblin is heavily wounded.
The zap hits the leopard gecko.
You kill the leopard gecko!
Casting: Shock (safe; 6% risk of failure)
Confirm with . or Enter, or press ? or * to list all spells.
Aiming: Shock (safe; 6% risk of failure)
Press: ? - help, Shift-Dir - straight line, f - goblin
Aim: a goblin, wielding a +0 club (heavily wounded)
The zap misses the goblin.
The goblin hits you with a +0 club.
* * * LOW HITPOINT WARNING * * *
Unknown command.
The goblin hits you with a +0 club.
You die...

.. #P♣.#....#
##....# ...
#.P##''## #....##
#'##P...##+#
#...##
#..........#
#..##
#P♣..<...PP# #..#
##PPP♣P♣♣P####..#
####### ####...#
.## ###....# ..=#
##.@...##
#..##++##.g...##
#.........###
##......###
#......## #.
#......#
#.##).....#
..#......#
#.#......#


You could see a goblin.

Vanquished Creatures
  A leopard gecko (D:1)
  3 bats (D:1)
  A giant cockroach (D:1)
  4 goblins (D:1)
  3 hobgoblins (D:1)
  2 frilled lizards (D:1)
  A kobold (D:1)
15 creatures vanquished.

Notes
Turn   | Place    | Note
-------+----------+-------------------------------------------
     0 | D:1      | IBeShadow the Tengu Air Elementalist began the quest for
                  | the Orb.
     0 | D:1      | Reached XP level 1. HP: 10/10 MP: 4/4
   325 | D:1      | Reached XP level 2. HP: 13/16 MP: 6/6
   876 | D:1      | Slain by a goblin

Skill      XL: |  1  2 |
---------------+-------+-----
Conjurations   | 2 |  2.1
Fighting       | |  0.8
Dodging        | |  2.1
Stealth        | |  2.0
Shields        | |  0.3
Spellcasting   | |  2.2
Air Magic      | |  4.3

Action                   || total
-------------------------++-------
Melee: Dagger            ||    47
       Unarmed           ||     5
       Kick              ||    10
       Peck              ||     6
 Cast: Shock             ||     8
 Stab: Sleeping          ||     2
Armor: Robe              ||    23
Dodge: Dodged            ||    49
